 Dungeon Crawl Stone Soup version 0.32-a0-643-ga006e77 (webtiles) character file.

Game seed: 12515107251530628346

2463 Dorkslayer the Sneak (level 9, -17/54 (58) HPs)
             Began as an Octopode Fighter on Mar 7, 2024.
             Demolished by an ogre
             ... wielding a +4 dire flail
              (21 damage)
             ... on level 4 of the Dungeon.
             The game lasted 00:12:09 (3471 turns).

Dorkslayer the Sneak (Octopode Fighter)             Turns: 3471, Time: 00:12:10

HP:   -17/54 (58)   AC:  1    Str: 20    XL:     9   Next: 50%
MP:   9/9           EV: 15    Int: 10    God:
Gold: 94            SH:  6    Dex: 17    Spells: 8/8 levels left

rFire   . .          .
                       - Unarmed
rCold   . . .        a - +1 buckler
rNeg    . . .        (helmet restricted)
rPois   .            (no amulet)
rElec   .            e - +6 ring of dexterity
rCorr   .            (no ring)
SInv    .            (no ring)
Will    .....        (no ring)
Stlth   +++++        (no ring)
HPRegen 0.29/turn    (no ring)
MPRegen 0.11/turn    (no ring)
                     (no ring)

%: no passive effects
@: drained
A: almost no armour, amphibious, 8 rings, camouflage 1, gelatinous body 1,
(nimble swimmer 1), tentacles
a: no special abilities


You were on level 4 of the Dungeon.
You visited 1 branch of the dungeon, and saw 4 of its levels.
You also visited: Ossuary.

You collected 238 gold pieces.
You spent 144 gold pieces at shops.

Inventory:

Hand Weapons
 m - a +4 trident of freezing
Armour
 a - a +1 buckler (worn)
Jewellery
 e - a +6 ring of dexterity (left tentacle)
Talismans
 j - a blade talisman
Wands
 f - a wand of light (8)
 k - a wand of flame (24)
Scrolls
 d - a scroll of fog {unknown}
 g - a scroll of immolation {unknown}
 l - 2 scrolls of teleportation
 n - a scroll of butterflies {unknown}
 r - a scroll of revelation {unknown}
Potions
 b - a potion of might
 c - 5 potions of curing
 h - a potion of enlightenment
 i - a potion of berserk rage {unknown}
 o - 2 potions of cancellation {unknown}
 p - a potion of ambrosia {unknown}
 q - 2 potions of resistance {unknown}


   Skills:
 + Level 4.1 Fighting
 + Level 4.7 Dodging
 + Level 7.7 Stealth
 + Level 4.4 Shields
 + Level 6.8 Unarmed Combat
 * Level 5.0 Evocations
 * Level 4.4 Shapeshifting


You had 8 spell levels left.
You didn't know any spells.
Your spell library contained the following spells:

 Spells                   Type           Power      Damage    Failure   Level
 Necrotise                Necr           0%         1d4       43%         1
 Vampiric Draining        Necr           0%         2d6       80%         3
 Martyr's Knell           Necr/Summ      0%         N/A       99%         4
 Curse of Agony           Necr           0%         N/A       100%        5


Dungeon Overview and Level Annotations

Branches:
Dungeon (4/15)            Ossuary (visited)
 Temple: D:4-7

Altars:

Shops:
D:3 !((?

Annotations:
D:4 1 transporter


Innate Abilities, Weirdness & Mutations

You cannot wear most types of armour.
You are amphibious.
You can wear up to eight rings at the same time.
Your skin changes colour to match your surroundings (Stealth+).
Your rubbery body absorbs attacks. (AC +1, EV +1)
((You are camouflaged when in or above water. (Stealth+)))
You have tentacles for arms and can constrict up to eight enemies at once.


Message History

There is a transporter here.
Okay, then.
Okay, then.
You enter the transporter and appear at another place.
Tls9540's ghost hits you.
You feel drained.
The ogre shouts!
You tentacle-slap the ogre but do no damage.
Tls9540's ghost hits you!
You feel drained. You block the ogre's attack.
You bludgeon the ogre!
The ogre is moderately wounded.
You block tls9540's ghost's attack. The ogre attacks as it pursues you!
The ogre closely misses you.
Tls9540's ghost attacks as it pursues you!
Tls9540's ghost misses you.
You tentacle-slap tls9540's ghost. You squeeze tls9540's ghost.
Tls9540's ghost is lightly damaged.
You block tls9540's ghost's attack.
You barely miss tls9540's ghost. Your squeeze misses tls9540's ghost.
Tls9540's ghost is lightly damaged.
You tentacle-slap tls9540's ghost.
Tls9540's ghost is moderately damaged.
You block tls9540's ghost's attack.
You tentacle-slap tls9540's ghost. You squeeze tls9540's ghost!
Tls9540's ghost is almost destroyed.
Tls9540's ghost hits you but does no damage.
You feel drained.
You tentacle-slap tls9540's ghost. You squeeze tls9540's ghost.
You destroy tls9540's ghost!
The ogre hits you with a +4 dire flail!
You bludgeon the ogre!
The ogre is severely wounded.
The ogre hits you with a +4 dire flail!!
Ouch! That really hurt!
* * * LOW HITPOINT WARNING * * *
You barely miss the ogre.
The ogre is severely wounded.
You barely miss the ogre. You squeeze the ogre.
The ogre is almost dead.
The ogre hits you with a +4 dire flail!!
You die...

....##.....#...########..###....#
.....'.....#...#©.....#....#....#
.....#.....#...#..##..#....#....#
#...##.....#...#.#..#.#....#....#
#...#####'######.#..#.#..###....#
#...##.........#..##.$#©........#
#..............#©....!#.........#
#..<.......##..#O.##..#©........#
#..........##..#@#..#.#..........
#...##.....##..#.#..#.#..#####'#.
#...##.....##..#..##..#........#[
....#..........#......#........#.
))..'..........########...>....#.
....###########'#......#.##.##.#.
.)..##...######.########.##.##.##
#))......#.........# #....).#..#
#........#.........# #......#..'


You could see an ogre.

Vanquished Creatures
  A two-headed ogre (D:4)
  Pikel (D:4)
  Sigmund (D:3)
  Eustachio (D:4)
  Menkaure (D:4)
  Duvessa (D:4)
  An ogre (D:4)
  A phantom (D:4)
  3 lemures (D:4)
  The ghost of tls9540 the Ruffian, an amateur VSSh (D:4)
  A weeping skull (Ossuary)
  An elf zombie (Ossuary)
  A scorpion (D:4)
  Dowan (D:4)
  2 hounds (D:4)
  A spectral scorpion (Ossuary)
  A sleepcap (D:4)
  An iguana (D:4)
  2 scorpion zombies (D:4)
  An orc wizard (D:3)
  A crocodile zombie (Ossuary)
  A hound zombie (Ossuary)
  A hound skeleton (D:4)
  3 mummies (Ossuary)
  Robin (D:4)
  A howler monkey skeleton (D:4)
  2 adders
  5 adder zombies
  2 adder skeletons (D:4)
  3 dart slugs (D:3)
  3 ribbon worms
  9 orcs
  8 ball pythons
  2 bats
  5 endoplasms
  3 giant cockroaches
  2 gnoll zombies (Ossuary)
  13 goblins
  8 hobgoblins
  7 jackals
  2 quokkas
  6 ball python zombies (Ossuary)
  A frilled lizard (D:1)
  4 jackal zombies (Ossuary)
  4 kobolds
  5 kobold zombies (Ossuary)
  3 orc zombies (Ossuary)
  6 rats
135 creatures vanquished.

Notes
Turn   | Place    | Note
-------+----------+-------------------------------------------
     0 | D:1      | Dorkslayer the Octopode Fighter began the quest for the
                  | Orb.
     0 | D:1      | Reached XP level 1. HP: 16/16 MP: 1/1
   163 | D:1      | Reached XP level 2. HP: 21/21 MP: 2/2
   884 | D:2      | Reached skill level 1 in Stealth
   884 | D:2      | Reached XP level 3. HP: 22/26 MP: 3/3
  1651 | D:3      | Reached skill level 2 in Stealth
  1658 | D:3      | Reached skill level 1 in Shapeshifting
  1658 | D:3      | Reached XP level 4. HP: 18/31 MP: 4/4
  1745 | D:3      | Found Didum's Weapon Boutique.
  1807 | D:3      | Noticed Sigmund
  1815 | D:3      | Killed Sigmund
  1816 | D:3      | Reached skill level 4 in Stealth
  1816 | D:3      | Reached skill level 1 in Evocations
  1816 | D:3      | Reached XP level 5. HP: 25/36 MP: 5/5
  1816 | D:3      | Reached XP level 6. HP: 30/42 MP: 6/6
  1946 | D:3      | Found Xaxaor's Magic Scroll Emporium.
  1956 | D:3      | Bought a scroll of identify for 28 gold pieces
  1956 | D:3      | Bought a scroll of identify for 28 gold pieces
  1976 | D:3      | Found Xitohas's Weapon Emporium.
  2110 | D:3      | Found Hazxim's Distillery.
  2122 | D:3      | Bought a potion of invisibility for 88 gold pieces
  2312 | D:4      | Noticed Duvessa
  2315 | D:4      | Noticed a two-headed ogre
  2320 | D:4      | Noticed Dowan
  2323 | D:4      | Killed Duvessa
  2324 | D:4      | Reached skill level 5 in Stealth
  2324 | D:4      | Reached XP level 7. HP: 28/46 MP: 7/7
  2332 | D:4      | Killed a two-headed ogre
  2333 | D:4      | Reached skill level 6 in Stealth
  2333 | D:4      | Reached skill level 5 in Unarmed Combat
  2333 | D:4      | Reached XP level 8. HP: 24/54 MP: 8/8
  2340 | D:4      | Killed Dowan
  2357 | D:4      | Noticed Menkaure
  2365 | D:4      | Killed Menkaure
  2388 | D:4      | Noticed Pikel
  2400 | D:4      | Killed Pikel
  2401 | D:4      | Reached skill level 7 in Stealth
  2401 | D:4      | Reached XP level 9. HP: 23/58 MP: 9/9
  2464 | D:4      | Noticed Eustachio
  2468 | D:4      | Killed Eustachio
  2563 | D:4      | Noticed Robin
  2572 | D:4      | Killed Robin
  2625 | D:4      | Found a transporter.
  2626 | D:4      | Noticed tls9540's ghost (amateur VSSh)
  2627 | D:4      | Found a transporter.
  2776 | D:4      | Found a sand-covered staircase.
  2785 | Ossuary  | Entered an ossuary
  3195 | D:4      | Reached skill level 5 in Evocations
  3467 | D:4      | Killed tls9540's ghost
  3471 | D:4      | Demolished by an ogre

Illustrated notes

Levels and vault maps discovered:
D:1:      dpeg_arrival_leaves_temple_mockup, layout_basic, minivault_27
D:2:      layout_loops_ring, kennysheep_nub, minmay_domino_4
D:3:      layout_basic, serial_shops, shop, shop,
          nicolae_shop_industrial_runoff, nicolae_shop_rolling_square,
          serial_park_tiny_2, uniq_sigmund
D:4:      layout_gridville, serial_undead, serial_undead_d, serial_undead_f,
          serial_undead_e, serial_undead_f, gammafunk_ghost_smash,
          lightli_ossuary_entry_decrepit_ruins, minmay_surrounded, uniq_duvessa,
          uniq_pikel, uniq_eustachio, uniq_menkaure, uniq_robin

Skill      XL: |  1  2  3  4  5  6  7  8  9 |
---------------+----------------------------+-----
Stealth        | 1 2 4 5 6 7 |  7.7
Shapeshifting  | 1 2 3 4 |  4.4
Unarmed Combat | 3 5 6 |  6.8
Evocations     | 1 2 3 4 5 |  5.0
Dodging        | 4 |  4.7
Shields        | 4 |  4.4
Fighting       | 4 |  4.1

Action                     |  1- 3 |  4- 6 |  7- 9 || total
---------------------------+-------+-------+-------++-------
  Melee: Unarmed           |    57 |    49 |   175 ||   281
         Tentacles         |    23 |    16 |    43 ||    82
         Constrict         |    22 |    17 |    48 ||    87
         Punch             |       |     5 |    13 ||    18
    Use: Scroll            |     3 |     5 |     3 ||    11
         Potion            |       |     3 |     2 ||     5
   Stab: Sleeping          |    12 |     7 |     4 ||    23
         Distracted        |     1 |       |     2 ||     3
         Invisible         |       |     1 |     3 ||     4
 Armour: Skin              |    17 |    21 |    73 ||   111
  Dodge: Dodged            |    21 |    28 |    94 ||   143
  Block: Buckler           |     7 |    14 |    48 ||    69

Table legend: (Time is in decaauts)
 A = Elapsed time spent in this place.
 B = Non-inter-level travel time spent in this place.
 C = Inter-level travel time spent in this place.
 D = Time resting spent in this place.
 E = Time spent auto-exploring this place.
 F = Levels seen in this place.
 G = Mean time per level.
                   A        B        C        D        E       F      G
               +--------+--------+--------+--------+--------+-----+--------+
         Total |   3454 |   3454 |      0 |      0 |   1665 |   5 |  690.8 |
       Dungeon |   3149 |   3149 |      0 |      0 |   1665 |   4 |  787.2 |
       Ossuary |    305 |    305 |      0 |      0 |      0 |   1 |  305.0 |
               +--------+--------+--------+--------+--------+-----+--------+

Top non-repeatable levels by time:
     D:1: 878 daAuts
     D:4: 855 daAuts
     D:3: 794 daAuts
     D:2: 620 daAuts
 Ossuary: 305 daAuts
